 Dungeon Sprint DCSS version 0.30.1-9-gdf580d7c3d (webtiles) character file.

Game seed: 9154740829972901415

184 Heoruswealwe the Spear-Bearer (level 5, -12/52 HPs)
             Began as a Minotaur Fighter on Oct 14, 2023.
             Was an Initiate of Gozag.
             Mangled by a sun demon (14 damage)
             ... summoned by a kobold demonologist
             ... in the Dungeon (Sprint IX: "|||||||||||||||||||||||||||||").
             The game lasted 00:00:54 (101 turns).

Heoruswealwe the Spear-Bearer (Minotaur Fighter)     Turns: 101, Time: 00:00:56

Health: -12/52     AC:  8    Str: 22    XL:     5   Next: 36%
Magic:  4/4        EV:  9    Int:  5    God:    Gozag
Gold:   0          SH:  4    Dex: 10    Spells: 4/4 levels left

rFire   . . .        a - +0 trident
rCold   . . .        d - +0 buckler
rNeg    . . .        c - +0 scale mail
rPois   .            (helmet restricted)
rElec   .            (no cloak)
rCorr   .            (no gloves)
SInv    .            (no boots)
Will    .....        (no amulet) Stlth
                     (no ring)
HPRegen 0.28/turn    (no ring)
MPRegen 0.09/turn

%: no teleportation
@: no status effects
A: horns 2, retaliatory headbutt
a: Renounce Religion, Potion Petition, Call Merchant, Bribe Branch


You were in the Dungeon.
You worshipped Gozag.
Gozag was noncommittal.
You visited 1 branch

Inventory:

Hand Weapons
 a - a +0 trident (weapon)
Armour
 c - a +0 scale mail (worn)
 d - a +0 buckler (worn)
Jewellery
 m - a +3 ring of intelligence
 n - a +2 ring of evasion
Wands
 l - a wand of roots (10)
Scrolls
 j - 2 scrolls of blinking
 k - 2 scrolls of amnesia
Potions
 b - a potion of might
 e - 5 potions of curing
 f - 3 potions of heal wounds
 g - a potion of haste
 h - a potion of invisibility
 i - a potion of berserk rage


   Skills:
 + Level 7.6 Fighting
 * Level 9.7 Polearms
 + Level 7.5 Armour
 - Level 3.6 Shields


You had 4 spell levels left.
You didn't know any spells.
Your spell library was empty.

Dungeon Overview and Level Annotations

Branches:
Dungeon (1/1)

Altars:
Cheibriados
Dithmenos
Elyvilon
Fedhas
Gozag
Hepliaklqana
Kikubaaqudgha
Makhleb
Nemelex Xobeh
Okawaru
Qazlal
Ru
Sif Muna
Trog
Uskayaw
Vehumet
Wu Jian
Xom
Yredelemnul
Zin
The Shining One
Jiyva
Lugonu


Innate Abilities, Weirdness & Mutations

You have a pair of horns on your head.
You reflexively headbutt those who attack you in melee.


Message History

h - a potion of invisibility;
f - 3 potions of heal wounds (gained 2)
e - 5 potions of curing (gained 4)
You see here 2 potions of magic.
Found a +2 ring of evasion.
k - 2 scrolls of amnesia;
j - 2 scrolls of blinking (gained 1)
l - a wand of roots (10)
Items here: )))))).
You see here a +0 helmet.
Items here: )))))).
Okay, then.
You see here a +0 helmet.
You see here a +0 barding.
You see here a +2 ring mail.
m - a +3 ring of intelligence
n - a +2 ring of evasion You open the door.
A kobold demonologist, an orc warrior, a troll, a yak, a centaur and a two-headed ogre come into view.
The kobold demonologist shouts!
The orc warrior shouts!
The troll shouts!
The yak bellows!
The centaur shouts!
The two-headed ogre shouts in stereo!
You hit the kobold demonologist but do no damage.
Your headbutt misses the kobold demonologist.
The kobold demonologist begins to cast a cantrip, but forgets the words!
The orc warrior hits you from afar with a +0 trident.
You closely miss the kobold demonologist.
Your headbutt misses the kobold demonologist.
The orc warrior hits you from afar with a +0 trident.
The kobold demonologist gestures wildly while chanting.
You hit the kobold demonologist.
The kobold demonologist is lightly wounded.
The sun demon hits you.
You are engulfed in flames!!
The kobold demonologist barely misses you.
The orc warrior closely misses you.
You puncture the kobold demonologist!
Your headbutt misses the kobold demonologist.
The kobold demonologist is moderately wounded.
The sun demon hits you!!
* * * LOW HITPOINT WARNING * * *
You are engulfed in flames!
You die...
Your body crumbles into a pile of gold.

$
▓!▓
$
▓.▓
$
▓)▓
$
▓.▓
▓[▓
$
▓[▓
▓[▓
$
▓3▓
$
▓@▓
$
▓K▓
▓o▓
$ $
▓T▓
$
▓Y▓
$ $
▓O▓
$
▓c▓
$
▓.▓


You could see a two-headed ogre, a sun demon (summoned), a kobold demonologist,
a yak, a troll, an orc warrior and a centaur.

Vanquished Creatures
  A phantom (D)
  A scorpion (D)
  A hound (D)
  An adder (D)
  An orc (D)
  A giant cockroach (D)
  3 hobgoblins (D)
  A kobold (D)
10 creatures vanquished.

Notes
Turn   | Place    | Note
-------+----------+-------------------------------------------
     0 | D        | Heoruswealwe the Minotaur Fighter began the quest for the
                  | Orb.
     0 | D        | Reached XP level 1. HP: 19/19 MP: 0/0
     9 | D        | Reached skill level 3 in Polearms
    22 | D        | Noticed a scorpion
    22 | D        | Noticed a hound
    22 | D        | Noticed a phantom
    27 | D        | Reached skill level 4 in Polearms
    27 | D        | Reached XP level 2. HP: 28/28 MP: 1/1
    30 | D        | Killed a scorpion
    31 | D        | Reached skill level 5 in Fighting
    31 | D        | Reached skill level 7 in Polearms
    31 | D        | Reached skill level 5 in Armour
    31 | D        | Reached XP level 3. HP: 33/37 MP: 2/2
    32 | D        | Reached XP level 4. HP: 39/44 MP: 3/3
    36 | D        | Reached skill level 8 in Polearms
    43 | D        | Killed a phantom
    44 | D        | Reached skill level 9 in Polearms
    44 | D        | Reached XP level 5. HP: 40/52 MP: 4/4
    50 | D        | Found a snail-covered altar of Cheibriados.
    50 | D        | Found a shadowy altar of Dithmenos.
    50 | D        | Found a white marble altar of Elyvilon.
    50 | D        | Found a blossoming altar of Fedhas.
    50 | D        | Found an opulent altar of Gozag.
    51 | D        | Found a hazy altar of Hepliaklqana.
    52 | D        | Found a viscous altar of Jiyva.
    53 | D        | Found an ancient bone altar of Kikubaaqudgha.
    54 | D        | Found a corrupted altar of Lugonu.
    55 | D        | Found a burning altar of Makhleb.
    56 | D        | Found a sparkling altar of Nemelex Xobeh.
    57 | D        | Found an iron altar of Okawaru.
    58 | D        | Became a worshipper of Gozag Ym Sagoz the Greedy
    59 | D        | Found a stormy altar of Qazlal.
    60 | D        | Found a sacrificial altar of Ru.
    61 | D        | Found a shimmering blue altar of Sif Muna.
    62 | D        | Found a bloodstained altar of Trog.
    63 | D        | Found a hide-covered altar of Uskayaw.
    64 | D        | Found a radiant altar of Vehumet.
    65 | D        | Found an ornate altar of the Wu Jian Council.
    66 | D        | Found a shimmering altar of Xom.
    67 | D        | Found a basalt altar of Yredelemnul.
    68 | D        | Found a glowing silver altar of Zin.
    69 | D        | Found a glowing golden altar of the Shining One.
    97 | D        | Noticed a kobold demonologist
    97 | D        | Noticed an orc warrior
    97 | D        | Noticed a troll
    97 | D        | Noticed a yak
    97 | D        | Noticed a centaur
    97 | D        | Noticed a two-headed ogre
   100 | D        | Noticed a sun demon
   101 | D        | HP: 2/52 [sun demon[a kobold demonologist] (23)]
   101 | D        | Mangled by a sun demon

Illustrated notes

Levels and vault maps discovered:
D:        linesprint [early_d, line_temple, items_1, d_10, items_2, lair_1,
          lair_end, items_3, orc_1, orc_end, items_4, d_15, swamp_1, shoals_1,
          snake_1, spider_1, d_20, vaults_1, items_5, swamp_end, shoals_end,
          snake_end, spider_end, vaults_end, d_27, items_6, zot_1, zot_end,
          crypt_end, forest_end, elf_end, slime_end, tomb_end, abyss_end,
          pan_hell_end]

Skill      XL: |  1  2  3  4 |
---------------+-------------+-----
Polearms       | 4 7 9 |  9.7
Fighting       | 4 5 6 7 |  7.6
Armour         | 4 5 6 7 |  7.5
Shields        | |  3.6

Action                     |  1- 3 |  4- 6 || total
---------------------------+-------+-------++-------
  Melee: Trident           |    20 |    16 ||    36
         Headbutt          |     2 |     6 ||     8
 Armour: Scale mail        |     5 |     3 ||     8
  Dodge: Dodged            |     7 |     5 ||    12
  Block: Buckler           |     2 |       ||     2
